 Dungeon Crawl Stone Soup version 0.27.0-1-g7a089689b8 (webtiles) character file.

Game seed: 14562866436898850870

4725 Sin92 the Cleaver (level 10, -10/88 HPs)
             Began as a Minotaur Fighter on Aug 11, 2021.
             Mangled by Erolcha (26 damage)
             ... on level 9 of the Dungeon.
             The game lasted 00:09:08 (5082 turns).

Sin92 the Cleaver (Minotaur Fighter)                Turns: 5082, Time: 00:09:08

Health: -10/88     AC: 16    Str: 28    XL:     10   Next: 22%
Magic:  9/9        EV: 11    Int:  5    God:
Gold:   1091       SH: 12    Dex: 18    Spells: 9/9 levels left

rFire    . . .     SeeInvis .   w - +2 war axe (elec)
rCold    . . .     Faith    .   c - +0 kite shield
rNeg     . . .     Spirit   .   i - +1 chain mail
rPois    .         Reflect  .   (helmet restricted)
rElec    .         Harm     .   p - +0 cloak
rCorr    .         Rampage  .   (no gloves)
Will     .....                  n - +0 pair of boots
Stlth    ..........             (no amulet)
HPRegen  0.24/turn              d - +6 ring of dexterity
MPRegen  0.11/turn              q - +6 ring of strength

@: mighty
A: horns 2, retaliatory headbutt, iridescent scales 1
a: no special abilities


You were on level 9 of the Dungeon.
You visited 1 branch of the dungeon, and saw 7 of its levels.

You collected 1247 gold pieces.
You spent 156 gold pieces at shops.

Inventory:

Hand Weapons
 a - a +0 war axe
 w - a +2 war axe of electrocution (weapon)
Missiles
 x - 5 boomerangs of dispersal (quivered)
Armour
 b - a +0 scale mail
 c - a +0 kite shield (worn)
 h - a scarf of repulsion
 i - a +1 chain mail (worn)
 n - a +0 pair of boots (worn)
 p - a +0 cloak (worn)
Jewellery
 d - a +6 ring of dexterity (left hand)
 o - a ring of protection from fire
 q - a +6 ring of strength (right hand)
 u - a ring of positive energy
 v - a +6 ring of strength
 z - a ring of protection from cold
Wands
 j - a wand of flame (32)
 D - a wand of charming (5)
Scrolls
 e - 2 scrolls of noise {unknown}
 k - 2 scrolls of identify {unknown}
 l - a scroll of holy word
 m - a scroll of summoning {unknown}
 A - a scroll of immolation
Potions
 f - 4 potions of curing
 g - a potion of brilliance {unknown}
 t - a potion of flight {unknown}
 C - a potion of haste


   Skills:
 + Level 8.2 Fighting
 * Level 10.7 Axes
 + Level 8.1 Armour
 + Level 6.6 Dodging
 + Level 8.1 Shields


You had 9 spell levels left.
You didn't know any spells.
Your spell library contained the following spells:

 Spells                   Type           Power      Damage    Failure   Level
 Gell's Gravitas          Tloc           0%         N/A       100%        3
 Lesser Beckoning         Tloc           0%         N/A       100%        3
 Teleport Other           Tloc           0%         N/A       100%        3


Dungeon Overview and Level Annotations

Branches:
Dungeon (9/15)               Lair (0/6) D:9
 Temple: D:4-7          Orc: D:9-12

Altars:
Kikubaaqudgha
Makhleb
Trog
Uskayaw
Zin
The Shining One

Shops:
D:2 *   D:3 (*   D:6 !   D:9 *

Annotations:
D:9 Erolcha


Innate Abilities, Weirdness & Mutations

You have a pair of horns on your head.
You reflexively headbutt those who attack you in melee.
You are partially covered in iridescent scales. (AC +2)


Message History

* * * LOW HITPOINT WARNING * * *
You block the yak's attack.
You slash the yak! Lightning courses through the yak!!
The yak is almost dead.
You hit the yak. Lightning courses through the yak!!
You kill the yak!
You barely miss the wight. You block the wight's attack.
The yak completely misses you.
Unknown command.
You hit the yak. You headbutt the yak.
You kill the yak!
You hit the wight but do no damage.
The wight hits you with a +3 halberd of freezing.
* * * LOW HITPOINT WARNING * * *
The wight freezes you.
* * * LOW HITPOINT WARNING * * *
You slice the wight!! Lightning courses through the wight!
You destroy the wight!
The sentinel's mark upon you fades away.
Things that are here:
a +3 halberd of freezing; a +0 robe The hobgoblin shouts!
Found 11 arrows.
Found Sinnusode's Demolitions Depot.
Found a staircase to the Lair.
Found a potion of might.
r - a potion of might Erolcha shouts!
Erolcha zaps a wand.
The mass of ice explodes!
The iceblast engulfs you!
* * * LOW HITPOINT WARNING * * *
Erolcha zaps a wand.
The mass of ice explodes!
The iceblast engulfs you!
* * * LOW HITPOINT WARNING * * *
Erolcha is nearby!
Unknown command.
Okay, then.
You feel much better.
As you read the scroll labelled UXYXUA QOAZO, it crumbles to dust.
You speak a Word of immense power!
It was a scroll of holy word.
You feel very mighty all of a sudden. Erolcha hits you with a +0 giant club!!
You die...

#. ###.[....# ....## ## #.
#)..####...........#
...#.####)####.....##y...#..
...................# #......
###.......####+####..#☼○.#
#.....### #..##........
#...#..# #gg##..(..#..
#...?#.#########........
###..#.#.##..O@...........
#...##.#.).)######........
#...###.###)## .........
.!..## #.# #))# ..........
.#..# #.. ##)# ......>....
##.## ##. ..#............ ..
....###........ ... ###.#
..#####.. ### ...


You could see Erolcha and 2 hobgoblins.

Vanquished Creatures
  A two-headed ogre (D:9)
  A troll (D:5)
  8 yaks (D:9)
  A water moccasin (D:6)
  Duvessa (D:4)
  2 orc warriors
  2 black bears
  A necrophage (D:5)
  An ogre (D:5)
  2 centaurs
  A phantom (D:4)
  2 bullfrogs (D:9)
  2 scorpions (D:5)
  A water moccasin zombie (D:5)
  2 wyvern skeletons
  Dowan (D:4)
  6 wights (D:9)
  6 killer bees (D:9)
  A water moccasin skeleton (D:6)
  A howler monkey (D:4)
  2 jellies (D:4)
  5 orc priests
  Crazy Yiuf (D:3)
  3 hounds
  An iguana (D:5)
  Natasha (thrice) (D:3)
  7 orc wizards
  A hound skeleton (D:4)
  7 adders
  An ufetubus (D:5)
  An adder skeleton (D:5)
  2 worms
  A dart slug (D:2)
  19 orcs
  9 ball pythons
  A bat (D:1)
  3 endoplasms
  2 giant cockroaches (D:2)
  4 goblins
  8 hobgoblins
  5 kobolds
  5 quokkas
  5 frilled lizards
  3 rats
  A spectral hobgoblin (D:1)
143 creatures vanquished.

Notes
Turn   | Place    | Note
-------+----------+-------------------------------------------
     0 | D:1      | Sin92 the Minotaur Fighter began the quest for the Orb.
     0 | D:1      | Reached XP level 1. HP: 19/19 MP: 0/0
   127 | D:1      | Found a faded altar of an unknown god.
   219 | D:1      | Reached XP level 2. HP: 27/27 MP: 1/1
   558 | D:1      | Reached skill level 3 in Axes
   558 | D:1      | Reached skill level 1 in Dodging
   953 | D:2      | Reached XP level 3. HP: 32/33 MP: 2/2
  1071 | D:2      | Found Joloi's General Store.
  1346 | D:2      | Reached XP level 4. HP: 40/40 MP: 3/3
  1539 | D:3      | Noticed Natasha
  1551 | D:3      | Killed Natasha
  1588 | D:3      | Found Mitidoef's General Store.
  1848 | D:3      | Found a burning altar of Makhleb.
  1848 | D:3      | Found a glowing silver altar of Zin.
  1849 | D:3      | Noticed an angel
  1849 | D:3      | Noticed a green death
  1885 | D:3      | Noticed Natasha
  1888 | D:3      | Found a bloodstained altar of Trog.
  1889 | D:3      | Found a glowing golden altar of the Shining One.
  1891 | D:3      | Killed Natasha
  1892 | D:3      | Reached skill level 4 in Axes
  1928 | D:3      | Noticed Natasha
  1935 | D:3      | Killed Natasha
  1936 | D:3      | Reached XP level 5. HP: 42/46 MP: 4/4
  2079 | D:3      | Found Otzur's Antique Weapon Boutique.
  2293 | D:3      | Found a runed translucent door.
  2294 | D:3      | Noticed Crazy Yiuf
  2303 | D:3      | Killed Crazy Yiuf
  2617 | D:4      | Reached XP level 6. HP: 53/53 MP: 5/5
  2635 | D:4      | Noticed Duvessa
  2637 | D:4      | Noticed Dowan
  2645 | D:4      | Killed Duvessa
  2646 | D:4      | Reached skill level 5 in Axes
  2647 | D:4      | Gained mutation: You are partially covered in iridescent
                  | scales. (AC +2) [potion of mutation]
  2659 | D:4      | Killed Dowan
  2660 | D:4      | Reached skill level 5 in Shields
  3050 | D:4      | Found a hide-covered altar of Uskayaw.
  3054 | D:4      | Reached skill level 5 in Armour
  3059 | D:4      | Reached skill level 5 in Fighting
  3137 | D:4      | Reached XP level 7. HP: 61/61 MP: 6/6
  3289 | D:4      | Reached skill level 6 in Axes
  3432 | D:4      | Found an ancient bone altar of Kikubaaqudgha.
  3634 | D:3      | Bought a runed war axe for 156 gold pieces
  3668 | D:5      | Entered Level 5 of the Dungeon
  3857 | D:5      | Reached XP level 8. HP: 55/70 MP: 7/7
  3861 | D:5      | Reached skill level 7 in Axes
  4022 | D:5      | Noticed a troll
  4029 | D:5      | Killed a troll
  4183 | D:5      | Reached skill level 8 in Axes
  4465 | D:5      | Identified a scroll of acquirement
  4465 | D:5      | Acquired 978 gold pieces
  4515 | D:6      | Reached skill level 5 in Dodging
  4542 | D:6      | Reached XP level 9. HP: 56/78 MP: 8/8
  4677 | D:6      | Identified the -1 buckler "Jimaniqa" {SInv}
  4693 | D:6      | Found Kozufeg's Distillery.
  4809 | D:6      | You fall into a shaft and drop 3 floors!
  4853 | D:9      | Noticed Erolcha
  4887 | D:9      | Reached skill level 9 in Axes
  4928 | D:9      | Reached skill level 10 in Axes
  5039 | D:9      | Noticed a two-headed ogre
  5043 | D:9      | Killed a two-headed ogre
  5044 | D:9      | Reached XP level 10. HP: 88/88 MP: 9/9
  5068 | D:9      | Found a staircase to the Lair.
  5068 | D:9      | Found Sinnusode's Demolitions Depot.
  5079 | D:9      | HP: 1/88 [Erolcha/iceblast (14)]
  5082 | D:9      | Mangled by Erolcha

Illustrated notes

Levels and vault maps discovered:
D:1:      ncdulo_halloftheorcs, layout_rooms, serial_bayou, serial_bayou_pond_e,
          serial_bayou_pond_d, serial_bayou_shore_a, serial_bayou_shore_b,
          dreamdust_ecumenical_altar_drowned_temple
D:2:      layout_basic, serial_shops, nicolae_square_shop, corner_web_ring,
          serial_park_tiny_1, grunt_ministairs_11
D:3:      layout_basic, grunt_temple_overflow_order_and_chaos_2,
          grunt_temple_overflow_open, serial_shops, shop, shop,
          uniq_crazy_yiuf_cottage, uniq_natasha
D:4:      layout_loops_cross, lemuel_round_altar, nicolae_uskayaw_dance_hall,
          minivault_23, uniq_duvessa
D:5:      layout_rooms, minmay_statues_item
D:6:      layout_layer_cave, nicolae_take_the_stairs, minmay_fractal_squares_5,
          uniq_sigmund
D:9:      layout_rooms, regret_index_temple_of_mockery, lair_entry_dummy,
          corexii_checkpoint_a, nicolae_blasting_shop,
          eino_small_chamber_without_monster, uniq_erolcha

Skill      XL: |  1  2  3  4  5  6  7  8  9 10 |
---------------+-------------------------------+-----
Axes           | 3 4 5 6 8 10 | 10.7
Dodging        | 1 2 3 5 6 |  6.6
Shields        | 4 5 6 7 8 |  8.1
Armour         | 4 5 6 7 8 |  8.1
Fighting       | 4 5 6 7 8 |  8.2

Action                   |  1- 3 |  4- 6 |  7- 9 | 10-12 || total
-------------------------+-------+-------+-------+-------++-------
Melee: War axe           |    69 |    87 |   126 |    18 ||   300
       Headbutt          |    13 |    12 |    40 |     7 ||    72
  Use: Potion            |       |     4 |     1 |     2 ||     7
       Scroll            |       |       |     6 |     1 ||     7
Armor: Scale mail        |    17 |       |       |       ||    17
       Chain mail        |     6 |    36 |    68 |     8 ||   118
Dodge: Dodged            |    27 |    22 |    43 |    13 ||   105
Block: Kite shield       |    28 |    56 |    78 |    17 ||   179
